Map: Lost and Found LE

Players

uThermal

  • Race: Terran Terran
  • Spawn Location: 7:00

HeroMarine - Winner!

  • Race: Terran Terran
  • Spawn Location: 1:00

Event: WCS Valencia 2018

VOD

Have the link to the VOD?

Description

Time

  • Played on: July 14, 2018, 6:52 a.m.
  • Length: 12:07

All games in this series

Show
View Real Time Build Order
Export as new Build Order

uThermal Terran 

Build Orders: Cyclone Opening, Gas First Reaper Expand, Reaper Expand, Bio Tank 

Get SALT Encoding   

  12  0:01  SCV  
  13  0:13  SCV  
  14  0:17  Supply Depot  
  14  0:25  SCV  
  14  0:27  Refinery  
  15  0:38  SCV  
  16  0:44  Barracks  
  16  0:50  SCV  
  17  1:02  SCV  
  18  1:15  SCV  
  19  1:31  Reaper, Orbital Command  
  20  1:46  Command Center  
  20  1:57  SCV  
  20  1:58  Factory  
  21  2:06  Reaper  
  22  2:09  Refinery  
  22  2:13  Supply Depot  
  22  2:16  SCV  
  23  2:35  SCV  
  24  2:42  Cyclone  
  27  2:47  SCV  
  27  2:49  Barracks Reactor  
  28  2:59  SCV  
  29  3:06  Orbital Command  
  29  3:11  SCV  
  30  3:23  SCV  
  31  3:28  Cyclone, Command Center  
  31  3:31  Cyclone  
  31  3:33  SCV  
  38  3:36  SCV  
  39  3:42  Supply Depot  
  39  3:49  SCV  
  39  3:50  SCV  
  41  4:01  SCV  
  42  4:03  Cyclone x2  
  42  4:07  Barracks Tech Lab  
  48  4:11  SCV  
  48  4:13  SCV  
  50  4:23  SCV  
  51  4:24  Engineering Bay  
  51  4:25  Engineering Bay  
  51  4:26  Marine  
  51  4:27  Stimpack  
  51  4:28  SCV  
  53  4:35  SCV  
  54  4:41  SCV, Orbital Command  
  53  4:47  SCV  
  53  4:49  Factory Reactor  
  53  4:52  Marine  
  49  4:53  SCV  
  49  4:59  SCV  
  51  5:05  SCV, Refinery  
  51  5:06  Refinery  
  51  5:07  Barracks x2  
  52  5:10  Marine  
  52  5:13  SCV x2  
  55  5:16  Terran Infantry Weapons Level 1  
  55  5:17  Terran Infantry Armor Level 1  
  55  5:21  SCV  
  55  5:25  SCV x2  
  55  5:28  Marine  
  59  5:33  SCV  
  60  5:36  Starport  
  60  5:37  Factory Reactor  
  60  5:38  SCV  
  60  5:40  Orbital Command  
  61  5:45  Supply Depot, SCV  
  61  5:46  Marine  
  61  5:48  Barracks  
  63  5:50  SCV, Barracks  
  63  5:53  Marine x2  
  66  5:58  SCV  
  66  6:02  SCV  
  66  6:03  Supply Depot, Marine  
  69  6:06  Marine x2  
  69  6:07  Supply Depot, SCV  
  69  6:10  SCV  
  73  6:11  Marine x2  
  73  6:14  SCV  
  76  6:19  SCV  
  76  6:20  Factory Tech Lab  
  76  6:24  Armory, SCV, Medivac, Marine x2  
  82  6:26  Supply Depot, SCV, Medivac  
  82  6:29  Supply Depot, Marine  
  82  6:32  Combat Shields  
  86  6:33  SCV  
  86  6:36  SCV  
  86  6:37  Barracks Reactor  
  86  6:38  Barracks Reactor  
  88  6:40  SCV  
  88  6:41  Supply Depot, Marine  
  88  6:44  Marine  
  88  6:45  SCV, Marine  
  93  6:48  SCV, Siege Tank  
  93  6:52  Marine  
  98  6:55  Medivac  
  98  6:56  Medivac  
  98  6:59  Supply Depot, Marine x2  
  98  7:00  Supply Depot  
  104  7:02  Marine x2  
  104  7:07  Refinery  
  104  7:08  SCV, Refinery  
  106  7:09  Marine  
  106  7:10  Factory  
  105  7:15  Marine  
  105  7:16  Marine  
  105  7:17  Marine x3  
  105  7:20  Terran Infantry Armor Level 2  
  105  7:21  Marine x2  
  105  7:22  Marine  
  113  7:26  Supply Depot  
  113  7:27  Marine  
  114  7:33  Marine x2  
  114  7:34  Marine  
  114  7:35  Marine x2  
  119  7:38  Terran Infantry Weapons Level 2  
  119  7:39  Marine x2  
  119  7:40  Marine  
  119  7:42  Supply Depot, SCV x3  
  125  7:44  Siege Tank  
  125  7:45  Marine  
  125  7:50  Medivac  
  131  7:51  Marine x2  
  131  7:52  Marine  
  131  7:53  Supply Depot, Marine  
  131  7:55  Factory Tech Lab  
  131  7:58  Terran Vehicle Weapons Level 1, Marine x2  
  136  8:01  SCV  
  136  8:03  Marine x3  
  140  8:07  Medivac  
  140  8:09  Marine x2  
  140  8:10  Marine  
  145  8:16  Siege Tank  
  148  8:20  Siege Tank  
  148  8:21  Marine x3  
  148  8:23  Marine  
  148  8:24  Marine x2  
  148  8:25  Supply Depot  
  157  8:30  Supply Depot  
  157  8:31  Medivac, Marine x3  
  162  8:38  Supply Depot  
  162  8:39  Marine  
  162  8:46  Marine  
  162  8:47  Medivac, Marine  
  162  8:48  Marine  
  154  8:49  Marine  
  154  8:51  Siege Tank  
  154  8:52  Marine, Siege Tank  
  154  8:54  Marine  
  154  8:55  Marine  
  164  8:57  Supply Depot, Marine  
  164  9:00  Marine  
  166  9:03  Marine  
  166  9:05  Marine  
  165  9:15  Liberator x2  
  139  9:20  Marine x2  
  139  9:21  Marine x5  
  139  9:22  Marine  
  139  9:23  Siege Tank  
  129  9:25  Marine  
  130  9:34  Command Center  
  130  9:38  Marine x2  
  133  9:45  Marine  
  133  9:46  Marine  
  133  9:49  Marine x2  
  133  9:50  Marine  
  133  9:51  Marine x2  
  134  9:56  Marine  
  134  9:57  Marine  
  133  10:01  Liberator x2  
  133  10:03  Marine  
  133  10:04  Marine  
  135  10:07  Marine x2  
  135  10:12  Marine  
  136  10:17  Marine  
  136  10:20  Marine x2  
  142  10:21  Siege Tank  
  142  10:22  Marine x2  
  142  10:26  Marine  
  142  10:28  Marine  
  149  10:29  Marine  
  149  10:30  Siege Tank, Marine  
  149  10:31  Command Center  
  154  10:35  Marine  
  154  10:38  Marine x2  
  154  10:40  Marine  
  158  10:45  Liberator x2, Marine  
  158  10:46  Marine  
  158  10:47  Marine  
  161  10:50  Marine  
  161  10:53  Siege Tank  
  161  10:55  Marine x2  
  167  10:59  Marine  
  167  11:02  Siege Tank  
  167  11:03  Marine  
  178  11:04  Marine  
  178  11:11  Marine x2  
  146  11:12  Marine x2  
  146  11:13  Marine x2  
  146  11:17  Marine  
  121  11:21  Marine  
  121  11:22  Marine  
  126  11:25  Siege Tank  
  126  11:29  Marine x3  
  126  11:30  Marine x2  
  126  11:31  Marine  
  127  11:35  Marine  
  127  11:39  Marine  
  105  11:40  Marine  
  105  11:46  Marine  
  113  11:47  Marine x2  
  113  11:48  Marine  
Show
View Real Time Build Order
Export as new Build Order

HeroMarine Terran - Winner!

Build Orders: Gas First Reaper Expand, Reaper Expand, Bio Tank 

Get SALT Encoding   

  12  0:00  SCV  
  13  0:12  SCV  
  14  0:17  Supply Depot  
  14  0:25  SCV  
  14  0:27  Refinery  
  15  0:38  SCV  
  15  0:40  Barracks  
  16  0:45  Refinery  
  16  0:51  SCV  
  17  1:03  SCV  
  18  1:15  SCV  
  19  1:28  Orbital Command  
  19  1:29  Reaper  
  20  1:48  Command Center  
  20  1:55  SCV  
  20  1:57  Supply Depot  
  21  2:01  Reaper  
  21  2:04  Refinery  
  21  2:07  SCV  
  23  2:19  SCV  
  24  2:24  Factory  
  24  2:31  SCV  
  25  2:37  Barracks Reactor  
  25  2:43  SCV  
  26  2:56  SCV  
  26  2:57  Command Center  
  26  3:09  Hellion  
  26  3:10  SCV  
  26  3:11  Orbital Command  
  29  3:22  SCV  
  30  3:28  Barracks Tech Lab  
  30  3:36  Cyclone x2  
  30  3:38  SCV  
  37  3:41  SCV  
  38  3:54  Stimpack, Marine  
  38  3:55  SCV x2  
  40  4:07  SCV x2  
  40  4:08  Cyclone  
  45  4:14  Orbital Command  
  45  4:19  SCV x2  
  45  4:23  Cyclone  
  50  4:28  Marine  
  52  4:31  SCV x2  
  53  4:41  SCV  
  53  4:43  SCV  
  57  4:46  SCV  
  52  4:53  SCV  
  52  4:55  SCV  
  52  4:56  Marine  
  52  4:57  Engineering Bay x2  
  52  4:58  SCV  
  53  5:02  Factory Reactor  
  53  5:03  Barracks  
  53  5:04  Barracks, Orbital Command, Refinery  
  53  5:05  Refinery  
  53  5:07  SCV  
  53  5:10  SCV  
  53  5:13  Marine  
  56  5:19  SCV  
  57  5:22  SCV  
  57  5:24  Terran Infantry Armor Level 1, Terran Infantry Weapons Level 1  
  57  5:28  Supply Depot  
  58  5:30  SCV  
  58  5:31  SCV  
  58  5:35  Supply Depot  
  61  5:36  Supply Depot, SCV  
  61  5:42  Starport  
  61  5:46  Barracks  
  61  5:47  Factory Reactor, Barracks  
  61  5:49  SCV x2  
  63  5:55  Combat Shields, SCV  
  64  5:57  Marine x3  
  64  5:58  Marine  
  64  5:59  Marine  
  64  6:01  SCV x2  
  71  6:05  Supply Depot  
  71  6:07  SCV  
  72  6:13  Supply Depot, SCV x2  
  72  6:14  Marine  
  72  6:15  Marine x2  
  72  6:18  Marine x2  
  79  6:20  SCV  
  80  6:26  SCV x2  
  80  6:27  Medivac x2  
  80  6:32  SCV  
  87  6:34  Refinery  
  87  6:35  Armory, Factory Tech Lab  
  87  6:36  Supply Depot, Refinery  
  87  6:37  Marine  
  87  6:38  Barracks Reactor x2, Marine x2  
  87  6:39  Marine  
  91  6:40  Marine  
  91  6:42  SCV  
  91  6:44  SCV  
  91  6:45  SCV  
  95  6:53  Supply Depot  
  95  6:54  Supply Depot, SCV  
  96  6:56  SCV  
  96  6:57  SCV, Siege Tank  
  101  7:02  Sensor Tower  
  101  7:04  Marine  
  101  7:05  Marine x3  
  101  7:06  SCV  
  101  7:08  SCV  
  107  7:09  SCV  
  108  7:15  Marine  
  108  7:16  Marine x2  
  108  7:17  Marine  
  108  7:21  Factory, Terran Infantry Armor Level 2  
  115  7:23  Terran Infantry Weapons Level 2  
  115  7:25  Terran Vehicle Weapons Level 1, Marine  
  115  7:26  Marine x3  
  115  7:27  Barracks Reactor  
  115  7:33  Marine x2  
  117  7:37  Supply Depot  
  117  7:38  Supply Depot  
  117  7:40  Marine x2  
  117  7:41  Siege Tank  
  117  7:43  Supply Depot, Marine  
  123  7:45  Medivac  
  123  7:46  Supply Depot  
  123  7:47  Supply Depot  
  125  7:58  Marine x6  
  125  7:59  Medivac  
  125  8:00  Supply Depot, Marine  
  125  8:01  Supply Depot, Marine  
  125  8:05  Siege Tank  
  138  8:08  Marine x2  
  140  8:13  Siege Tank  
  140  8:16  Marine x6  
  140  8:17  Marine  
  140  8:19  Marine  
  150  8:24  Medivac  
  150  8:26  Marine x2  
  154  8:34  Marine x6  
  154  8:35  Marine  
  154  8:36  Marine  
  154  8:37  Siege Tank  
  165  8:44  Marine x2  
  165  8:45  Siege Tank  
  165  8:46  Medivac  
  156  8:52  Marine x4  
  156  8:54  Medivac  
  162  8:56  Marine x2  
  162  9:00  SCV  
  162  9:02  Command Center  
  165  9:03  Marine x2  
  165  9:08  Marine x2  
  165  9:09  Siege Tank  
  169  9:10  Marine  
  169  9:13  Marine x3  
  169  9:15  Marine x2  
  154  9:17  Siege Tank  
  154  9:21  Marine  
  154  9:23  Medivac  
  154  9:24  Medivac, Marine  
  154  9:26  Marine  
  154  9:28  Marine x2  
  154  9:31  Marine x3  
  161  9:36  Marine x2  
  164  9:39  Marine  
  164  9:41  Siege Tank  
  164  9:42  Marine  
  164  9:44  Marine  
  168  9:45  Marine  
  168  9:46  Marine  
  168  9:49  Siege Tank  
  168  9:50  Marine x2  
  168  9:51  Marine  
  173  9:54  Marine x2  
  173  9:56  Marine  
  173  9:59  Medivac x2  
  177  10:00  Marine  
  177  10:02  Marine  
  177  10:03  Marine x2  
  178  10:08  Marine x2  
  178  10:09  Marine  
  178  10:11  Marine  
  178  10:12  Marine  
  178  10:13  Siege Tank  
  176  10:14  Marine  
  176  10:18  Marine  
  176  10:20  Marine  
  172  10:21  Marine x2  
  172  10:23  Siege Tank  
  172  10:26  Marine x2  
  180  10:29  Marine x2  
  180  10:31  Viking x2  
  180  10:34  Marine x2  
  187  10:35  Marine  
  187  10:37  Marine  
  187  10:39  Marine x2  
  191  10:44  Marine x2  
  191  10:47  Marine x2  
  195  10:52  Marine  
  195  10:53  Supply Depot  
  196  10:57  Planetary Fortress  
  196  11:06  Marine  
  196  11:07  Liberator x2, Marine x5, Siege Tank  
  196  11:08  Marine x2  
  196  11:10  Marine x2  
  172  11:16  Siege Tank  
  164  11:24  Marine  
  164  11:25  Marine x5  
  175  11:28  Marine x3  
  175  11:32  Marine  
  161  11:42  Marine x2  
  161  11:43  Marine x4  
  161  11:46  Marine x3  
Tags
 
Add a new tag
Caveats
  • Supply blocks, unpowered buildings, or Contaminate may cause inaccurate times.
  • Supply counts are checked every 10 seconds.